 Dungeon Crawl Stone Soup version 0.31.0-11-ge490571c62 (webtiles) character file.

Game seed: 5639996682802963251

1 RancidPinata the Sneak (level 1, -1/14 HPs)
             Began as a Gargoyle Delver on Feb 4, 2024.
             Slain by a scorpion (3 damage)
             ... on level 3 of the Dungeon.
             The game lasted 00:03:26 (275 turns).

RancidPinata the Sneak (Gargoyle Delver)             Turns: 275, Time: 00:03:26

Health: -1/14      AC:  5    Str: 15    XL:     1   Next: 20%
Magic:  1/1        EV: 11    Int: 10    God:
Gold:   15         SH:  0    Dex: 11    Spells: 0/0 levels left

rFire   . . .        a - +0 short sword
rCold   . . .        (no shield)
rNeg    + . .        b - +0 leather armour
rPois   ∞            (no helmet)
rElec   +            (no cloak)
rCorr   .            (no gloves)
SInv    .            (no boots)
Will    .....        (no amulet)
Stlth   +++          (no ring)
HPRegen 0.22/turn    (no ring)
MPRegen 0.07/turn

%: no passive effects
@: no status effects
A: sickness immunity, AC +2, negative energy resistance 1, electricity
resistance, torment resistance 1, petrification resistance
a: no special abilities


You were on level 3 of the Dungeon.
You visited 1 branch of the dungeon, and saw 5 of its levels.

You collected 15 gold pieces.

Inventory:

Hand Weapons
 a - a +0 short sword (weapon)
Armour
 b - a +0 leather armour (worn)
Wands
 g - a wand of digging (3)
Scrolls
 c - a scroll of fog
 d - a scroll of revelation
 e - a scroll of fear
 h - 2 scrolls of identify {unknown}
Potions
 f - a potion of haste
 i - 2 potions of curing {unknown}
 j - a potion of brilliance {unknown}


   Skills:
 * Level 3.3 Fighting
 + Level 1.7 Short Blades
 * Level 0.1 Armour
 + Level 1.5 Dodging
 * Level 5.5 Stealth


You couldn't memorise any spells.
You didn't know any spells.
Your spell library was empty.

Dungeon Overview and Level Annotations

Branches:
Dungeon (7/15)
 Temple: D:4-7

Altars:


Innate Abilities, Weirdness & Mutations

You are immune to sickness and miasma.
Your stone body is resilient. (AC +2)
You are immune to poison.
You resist negative energy. (rN+)
You are resistant to electric shocks. (rElec)
You are resistant to unholy torment.
You are immune to petrification.


Message History

The scorpion attacks as it pursues you! The scorpion closely misses you.
You hear a distant slurping noise.
There is a stone staircase leading up here.
The scorpion misses you.
You climb upwards.
There is a stone staircase leading down here.
The scorpion barely misses you. The scorpion completely misses you.
You open the door. The scorpion misses you.
The scorpion attacks as it pursues you! The scorpion stings you.
There is an open door here.
The scorpion stings you. The scorpion attacks as it pursues you!
The scorpion stings you. The scorpion attacks as it pursues you!
The scorpion stings you but does no damage.
The scorpion stings you.
There is an escape hatch in the ceiling here.
The scorpion closely misses you. A mysterious force pulls you upwards.
The hatch slams shut behind you. The scorpion barely misses you.
The scorpion stings you. The scorpion barely misses you.
The orc wizard hits you but does no damage.
The orc wizard attacks as it pursues you!
The orc wizard closely misses you. The scorpion attacks as it pursues you!
The scorpion barely misses you.
There is a stone staircase leading up here.
The scorpion stings you. The orc wizard closely misses you.
The scorpion barely misses you.
You climb upwards.
Found 2 sapphire potions.
There is a stone staircase leading down here.
The scorpion attacks as it pursues you! The scorpion stings you.
* * * LOW HITPOINT WARNING * * *
The orc wizard attacks as it pursues you!
The orc wizard hits you but does no damage.
The scorpion attacks as it pursues you! The scorpion barely misses you.
The orc wizard casts a spell.
The orc wizard flickers and vanishes!
Deactivating autopickup; reactivate with Ctrl-A.
The scorpion stings you.
You die...

.. # ... .# ...
.# ##.#######.#
#......#...#####
#......#........
#......s.#
#......#@#
#......#..#
#......##.#
#......# ..
#!....># #..
#......# ##.
######## ##


You could see a scorpion.

Vanquished Creatures
  A quokka (D:4)
1 creature vanquished.

Notes
Turn   | Place    | Note
-------+----------+-------------------------------------------
     0 | D:5      | RancidPinata the Gargoyle Delver began the quest for the
                  | Orb.
     0 | D:5      | Reached XP level 1. HP: 14/14 MP: 1/1
    15 | D:7      | Noticed a bullfrog
    20 | D:6      | Noticed a howler monkey
    34 | D:6      | Noticed a sleepcap
    35 | D:6      | Noticed a hound
    84 | D:5      | Noticed an ogre
   109 | D:4      | Noticed an orc wizard
   112 | D:4      | Noticed an orc priest
   155 | D:5      | Noticed a hound
   224 | D:6      | Noticed a water moccasin
   232 | D:6      | Noticed a scorpion
   275 | D:3      | Slain by a scorpion

Illustrated notes

Levels and vault maps discovered:
D:3:      layout_rooms, chequers_serial_rivers_small_3, grunt_decor_one_mirror
D:4:      layout_basic, minitemple, mainiacjoe_overflow_concentric_impassable,
          minmay_temple_entry_gardened_gates, minmay_misc_feat_room,
          uniq_blork_the_orc
D:5:      layout_gridville
D:6:      minmay_chambers_of_sixes, layout_gridville, uniq_maggie
D:7:      layout_layer_cave

Action                     || total
---------------------------++-------
  Melee: Short sword       ||     1
   Stab: Sleeping          ||     1
 Armour: Leather armour    ||    14
  Dodge: Dodged            ||    17
